TOP OF THE 1ST |
Panama City Piranhas batting - Pitching for Houston 1837 BBC : LHP Alexis Zambaco
|
Pitching: LHP Alexis Zambaco
|
|
Batting: RHB Quindarious Monday
|
0-0: Called Strike 0-1: Called Strike 0-2: Foul Ball, location: 2F 0-2: Foul Ball, location: 2F 0-2: Single, Error in OF, E9, batter to second base
|
Batting: RHB Tak-hing Huang
|
0-0: Swinging Strike 0-1: Ball 1-1: Fly out, F8 (Flyball, 8LS)
|
Batting: LHB Murray Sperber
|
0-0: Ball 1-0: Called Strike 1-1: Ground out 4-3 (Groundball, 4) Quindarious Monday to third
|
Batting: RHB Mike Strickland
|
0-0: Ball 1-0: Ground out 6-3 (Groundball, 6M)
|
Top of the 1st over - 0 runs, 1 hit, 1 error, 1 left on base; Panama City 0 - Houston 0 |
BOTTOM OF THE 1ST |
Houston 1837 BBC batting - Pitching for Panama City Piranhas : RHP Jason MacGruder
|
Pitching: RHP Jason MacGruder
|
|
Batting: LHB Scott Kerin
|
0-0: Called Strike 0-1: Swinging Strike 0-2: Ball 1-2: Foul Ball, location: 2F 1-2: Ball 2-2: Ball 3-2: Fly out, F5 (Line Drive, 56S)
|
Batting: RHB Phil Sherman
|
0-0: Ball 1-0: Called Strike 1-1: Ball 2-1: Foul Ball, location: 2F 2-2: SINGLE (Line Drive, 7S)
|
Batting: RHB Jon Osterman
|
0-0: Ball 1-0: Fly out, F2 (Popup, 2L)
|
Batting: LHB Kai-ge Choe
|
0-0: Ball 1-0: Foul Ball, location: 2F 1-1: Ball 2-1: Fly out, F8 (Flyball, 8RM)
|
Bottom of the 1st over - 0 runs, 1 hit, 0 errors, 1 left on base; Panama City 0 - Houston 0 |
TOP OF THE 2ND |
Panama City Piranhas batting - Pitching for Houston 1837 BBC : LHP Alexis Zambaco
|
Batting: SHB Tom Dickinson
|
0-0: Ground out 5-3 (Groundball, 56)
|
Batting: RHB Ed Lastinger
|
0-0: Ball 1-0: Called Strike 1-1: SINGLE (Groundball, 4MD)
|
Batting: RHB Micah Coffey
|
0-0: Called Strike 0-1: Called Strike 0-2: Ball 1-2: Ball 2-2: Ball 3-2: Foul Ball, location: 2F 3-2: Strikes out looking
|
Batting: LHB John Hansen
|
0-0: Ball 1-0: Ball 2-0: Called Strike 2-1: Fly out, F8 (Flyball, 89D)
|
Top of the 2nd over - 0 runs, 1 hit, 0 errors, 1 left on base; Panama City 0 - Houston 0 |
BOTTOM OF THE 2ND |
Houston 1837 BBC batting - Pitching for Panama City Piranhas : RHP Jason MacGruder
|
Batting: RHB Joey Trifone
|
0-0: Ball 1-0: Foul Ball, location: 2F 1-1: Foul Ball, location: 2F 1-2: Foul Ball, location: 2F 1-2: Ball 2-2: Ball 3-2: Base on Balls
|
Batting: LHB Mike Houston
|
0-0: Ball 1-0: Grounds into double play, 4-6-3 (Groundball, 4M)
|
Batting: RHB Juan Chávez
|
0-0: Ball 1-0: Called Strike 1-1: Ball 2-1: Foul Ball, location: 2F 2-2: Ball 3-2: Fly out, F7 (Flyball, 78S)
|
Bottom of the 2nd over - 0 runs, 0 hits, 0 errors, 0 left on base; Panama City 0 - Houston 0 |
TOP OF THE 3RD |
Panama City Piranhas batting - Pitching for Houston 1837 BBC : LHP Alexis Zambaco
|
Batting: RHB Sergio Ortíz
|
0-0: Ball 1-0: Ball 2-0: Swinging Strike 2-1: Swinging Strike 2-2: Strikes out swinging
|
Batting: RHB Quindarious Monday
|
0-0: Ball 1-0: Foul Ball, location: 2F 1-1: Called Strike 1-2: SINGLE (Flyball, 9LS)
|
Batting: RHB Tak-hing Huang
|
0-0: Ball 1-0: Foul Ball, location: 2F 1-1: Fly out, F9 (Flyball, 9)
|
Batting: LHB Murray Sperber
|
0-0: Called Strike 0-1: Called Strike 0-2: Strikes out swinging
|
Top of the 3rd over - 0 runs, 1 hit, 0 errors, 1 left on base; Panama City 0 - Houston 0 |
BOTTOM OF THE 3RD |
Houston 1837 BBC batting - Pitching for Panama City Piranhas : RHP Jason MacGruder
|
Batting: LHB Owen Sharts
|
0-0: Fly out, F4 (Line Drive, 4)
|
Batting: RHB Norm Chodorow
|
0-0: Ball 1-0: Called Strike 1-1: Foul Ball, location: 2F 1-2: SINGLE (Line Drive, 4)
|
Batting: LHB Scott Kerin
|
0-0: Called Strike 0-1: Called Strike 0-2: Strikes out swinging
|
Batting: RHB Phil Sherman
|
0-0: Called Strike 0-1: Ball 1-1: Ball 2-1: Ball 3-1: Called Strike 3-2: Strikes out swinging
|
Bottom of the 3rd over - 0 runs, 1 hit, 0 errors, 1 left on base; Panama City 0 - Houston 0 |
TOP OF THE 4TH |
Panama City Piranhas batting - Pitching for Houston 1837 BBC : LHP Alexis Zambaco
|
Batting: RHB Mike Strickland
|
0-0: Ball 1-0: Swinging Strike 1-1: Ball 2-1: Swinging Strike 2-2: SINGLE (Groundball, 34D)
|
Batting: SHB Tom Dickinson
|
0-0: Called Strike 0-1: Ball 1-1: Ball 2-1: Called Strike 2-2: SINGLE (Line Drive, 34) Mike Strickland to second
|
Batting: RHB Ed Lastinger
|
0-0: Ball 1-0: Fly out, F8 (Flyball, 8LS)
|
Batting: RHB Micah Coffey
|
0-0: Fly out, F8 (Flyball, 8RM)
|
Batting: LHB John Hansen
|
0-0: Ground out U3 (Groundball, 3)
|
Top of the 4th over - 0 runs, 2 hits, 0 errors, 2 left on base; Panama City 0 - Houston 0 |
BOTTOM OF THE 4TH |
Houston 1837 BBC batting - Pitching for Panama City Piranhas : RHP Jason MacGruder
|
Batting: RHB Jon Osterman
|
0-0: Ball 1-0: Called Strike 1-1: Foul Ball, location: 2F 1-2: Strikes out swinging, 2-3 out at first.
|
Batting: LHB Kai-ge Choe
|
0-0: Ball 1-0: Called Strike 1-1: Foul Ball, location: 2F 1-2: Foul Ball, location: 2F 1-2: Strikes out swinging
|
Batting: RHB Joey Trifone
|
0-0: Called Strike 0-1: Called Strike 0-2: Ball 1-2: Ball 2-2: Foul Ball, location: 2F 2-2: SINGLE (Flyball, 78M)
|
Batting: LHB Mike Houston
|
0-0: Ball 1-0: Foul Ball, location: 2F 1-1: Ball 2-1: Foul Ball, location: 2F 2-2: Strikes out swinging
|
Bottom of the 4th over - 0 runs, 1 hit, 0 errors, 1 left on base; Panama City 0 - Houston 0 |
TOP OF THE 5TH |
Panama City Piranhas batting - Pitching for Houston 1837 BBC : LHP Alexis Zambaco
|
Batting: RHB Sergio Ortíz
|
0-0: Foul Ball, location: 2F 0-1: Called Strike 0-2: Ball 1-2: Ground out 6-3 (Groundball, 6)
|
Batting: RHB Quindarious Monday
|
0-0: Ball 1-0: Ball 2-0: Foul Ball, location: 2F 2-1: Swinging Strike 2-2: Ground out 6-3 (Groundball, 6)
|
Batting: RHB Tak-hing Huang
|
0-0: Ball 1-0: Ball 2-0: Ball 3-0: Called Strike 3-1: DOUBLE (Line Drive, 7D)
|
Batting: LHB Murray Sperber
|
0-0: Ball 1-0: SINGLE (Line Drive, 56D) Tak-hing Huang to third Runner from 3rd tries for Home, SAFE, no throw
|
Batting: RHB Mike Strickland
|
0-0: Ball 1-0: Swinging Strike 1-1: Ball 2-1: Fly out, F7 (Flyball, 7S)
|
Top of the 5th over - 1 run, 2 hits, 0 errors, 1 left on base; Panama City 1 - Houston 0 |
BOTTOM OF THE 5TH |
Houston 1837 BBC batting - Pitching for Panama City Piranhas : RHP Jason MacGruder
|
Batting: RHB Juan Chávez
|
0-0: Ball 1-0: Ground out 4-3 (Groundball, 34)
|
Batting: LHB Owen Sharts
|
0-0: Swinging Strike 0-1: Ball 1-1: Called Strike 1-2: Ball 2-2: Strikes out swinging
|
Batting: RHB Norm Chodorow
|
0-0: Foul Ball, location: 2F 0-1: Ball 1-1: Swinging Strike 1-2: Ball 2-2: Ball 3-2: Foul Ball, location: 2F 3-2: Base on Balls
|
Batting: LHB Scott Kerin
|
0-0: Ball 1-0: Ball 2-0: Ball 3-0: Base on Balls Norm Chodorow to second
|
Batting: RHB Phil Sherman
|
0-0: Ball 1-0: Fly out, F8 (Flyball, 8RM)
|
Bottom of the 5th over - 0 runs, 0 hits, 0 errors, 2 left on base; Panama City 1 - Houston 0 |
TOP OF THE 6TH |
Panama City Piranhas batting - Pitching for Houston 1837 BBC : LHP Alexis Zambaco
|
Batting: SHB Tom Dickinson
|
0-0: Fly out, F8 (Flyball, 8RD)
|
Batting: RHB Ed Lastinger
|
0-0: SINGLE (Groundball, 4MD)
|
Batting: RHB Micah Coffey
|
0-0: Called Strike 0-1: Ball 1-1: Ball 2-1: Ball 3-1: Foul Ball, location: 2F 3-2: Strikes out swinging
|
Batting: LHB John Hansen
|
0-0: Called Strike 0-1: Ball Wild Pitch! Ed Lastinger to second 1-1: Swinging Strike 1-2: Foul Ball, location: 2F 1-2: Foul Ball, location: 2F 1-2: Fly out, F9 (Line Drive, 89D)
|
Top of the 6th over - 0 runs, 1 hit, 0 errors, 1 left on base; Panama City 1 - Houston 0 |
BOTTOM OF THE 6TH |
Houston 1837 BBC batting - Pitching for Panama City Piranhas : RHP Jason MacGruder
|
Now at C: António Ramos
|
|
Batting: RHB Jon Osterman
|
0-0: Ball 1-0: Ball 2-0: Foul Ball, location: 2F 2-1: Ball 3-1: Base on Balls
|
Batting: LHB Kai-ge Choe
|
0-0: Ball Jon Osterman is caught stealing 2nd base 1-0: Ball 2-0: Ball 3-0: Base on Balls
|
Pitching: RHP Ricky O'Toole
|
|
Batting: RHB Joey Trifone
|
0-0: Called Strike 0-1: Ball 1-1: Ball Kai-ge Choe is caught stealing 2nd base 2-1: Foul Ball, location: 2F 2-2: Fly out, F7 (Flyball, 7LDF)
|
Bottom of the 6th over - 0 runs, 0 hits, 0 errors, 0 left on base; Panama City 1 - Houston 0 |
TOP OF THE 7TH |
Panama City Piranhas batting - Pitching for Houston 1837 BBC : LHP Alexis Zambaco
|
Pitching: RHP Martín Valverde
|
|
Batting: RHB Sergio Ortíz
|
0-0: Ball 1-0: Called Strike 1-1: Foul Ball, location: 2F 1-2: Ball 2-2: Ball 3-2: Foul Ball, location: 2F 3-2: Base on Balls
|
Batting: RHB Quindarious Monday
|
0-0: Called Strike 0-1: Fly out, F7 (Flyball, 78S)
|
Batting: RHB Tak-hing Huang
|
0-0: Called Strike 0-1: Swinging Strike 0-2: Strikes out swinging
|
Batting: LHB Murray Sperber
|
0-0: Ball 1-0: Ball 2-0: Ground out 4-3 (Groundball, 4)
|
Top of the 7th over - 0 runs, 0 hits, 0 errors, 1 left on base; Panama City 1 - Houston 0 |
BOTTOM OF THE 7TH |
Houston 1837 BBC batting - Pitching for Panama City Piranhas : RHP Ricky O'Toole
|
Batting: LHB Mike Houston
|
0-0: Called Strike 0-1: Ball 1-1: Ball 2-1: Ball 3-1: Foul Ball, location: 2F 3-2: Ground out 4-3 (Groundball, 4S)
|
Batting: RHB Juan Chávez
|
0-0: Swinging Strike 0-1: Foul Ball, location: 2F 0-2: SINGLE (Groundball, 6S) (infield hit)
|
Pitching: RHP Greg Rook
|
|
Batting: LHB Owen Sharts
|
0-0: Ground out 5-3 (Groundball, 56S) Juan Chávez to second
|
Batting: RHB Norm Chodorow
|
0-0: Called Strike 0-1: Ball 1-1: Ball 2-1: Ball 3-1: Base on Balls
|
Batting: LHB Scott Kerin
|
0-0: Ball 1-0: Ball 2-0: Called Strike 2-1: Ball 3-1: Base on Balls Juan Chávez to third Norm Chodorow to second
|
Batting: RHB Phil Sherman
|
0-0: Ball 1-0: Ball 2-0: Foul Ball, location: 2F 2-1: Ball 3-1: Swinging Strike 3-2: Foul Ball, location: 2F 3-2: Strikes out looking
|
Bottom of the 7th over - 0 runs, 1 hit, 0 errors, 3 left on base; Panama City 1 - Houston 0 |
TOP OF THE 8TH |
Panama City Piranhas batting - Pitching for Houston 1837 BBC : RHP Martín Valverde
|
Batting: RHB Mike Strickland
|
0-0: Ball 1-0: Swinging Strike 1-1: Foul Ball, location: 2F 1-2: Strikes out swinging
|
Batting: LHB António Ramos
|
0-0: Called Strike 0-1: Ball 1-1: Foul Ball, location: 2F 1-2: Strikes out swinging
|
Batting: RHB Ed Lastinger
|
0-0: Ball 1-0: Called Strike 1-1: SINGLE (Line Drive, 89S)
|
Batting: RHB Micah Coffey
|
0-0: Called Strike Ed Lastinger steals 2nd base 0-1: Called Strike 0-2: Ball 1-2: Foul Ball, location: 2F 1-2: Fly out, F9 (Flyball, 9S)
|
Top of the 8th over - 0 runs, 1 hit, 0 errors, 1 left on base; Panama City 1 - Houston 0 |
BOTTOM OF THE 8TH |
Houston 1837 BBC batting - Pitching for Panama City Piranhas : RHP Greg Rook
|
Batting: RHB Jon Osterman
|
0-0: Ball 1-0: Ball 2-0: Ball 3-0: Called Strike 3-1: Ground out 6-3 (Groundball, 6)
|
Batting: LHB Kai-ge Choe
|
0-0: Foul Ball, location: 2F 0-1: Swinging Strike 0-2: SINGLE (Groundball, 3D)
|
Batting: RHB Joey Trifone
|
0-0: Swinging Strike 0-1: Ball 1-1: Foul Ball, location: 2F 1-2: Ball 2-2: Ground out 6-3 (Groundball, 6S) Kai-ge Choe to second
|
Pitching: LHP Awad Mahmudnizhad
|
|
Pinch Hitting: RHB Bob Dickerson
|
0-0: Ball 1-0: SINGLE (Line Drive, 8LM) Kai-ge Choe to third
|
Batting: RHB Juan Chávez
|
0-0: DOUBLE (Flyball, 78XD) Kai-ge Choe scores Bob Dickerson to third Runner from 3rd tries for Home, SAFE, no throw
|
Pinch Hitting: RHB Komotay Koffie
|
0-0: Called Strike 0-1: Ball 1-1: Foul Ball, location: 2F 1-2: Foul Ball, location: 2F 1-2: Ball 2-2: DOUBLE (Flyball, 78D) Juan Chávez scores
|
Batting: RHB Norm Chodorow
|
0-0: Swinging Strike 0-1: Ball 1-1: Ball 2-1: SINGLE (Line Drive, 9LM) Komotay Koffie to third Runner from 3rd tries for Home, SAFE, no throw
|
Pitching: LHP Marvin Wasmund
|
|
Batting: LHB Scott Kerin
|
0-0: Called Strike 0-1: Ball 1-1: Ball 2-1: Fly out, F5 (Popup, 5SF)
|
Bottom of the 8th over - 4 runs, 5 hits, 0 errors, 1 left on base; Panama City 1 - Houston 4 |
TOP OF THE 9TH |
Panama City Piranhas batting - Pitching for Houston 1837 BBC : RHP Martín Valverde
|
Pitching: RHP Yoriyoshi Sugimoto
|
|
Now at 3B: Komotay Koffie
|
|
Now in RF: Eugene Bennett
|
|
Batting: LHB John Hansen
|
0-0: Ball 1-0: Swinging Strike 1-1: Called Strike 1-2: Strikes out swinging
|
Batting: RHB Sergio Ortíz
|
0-0: Ball 1-0: Ball 2-0: Swinging Strike 2-1: Ball 3-1: Base on Balls
|
Batting: RHB Quindarious Monday
|
0-0: Ball 1-0: Swinging Strike 1-1: Ball 2-1: Fly out, F9 (Flyball, 9)
|
Batting: RHB Tak-hing Huang
|
0-0: Ball 1-0: Swinging Strike 1-1: Swinging Strike 1-2: Ball 2-2: SINGLE (Groundball, 6MD) Sergio Ortíz to second
|
Batting: LHB Murray Sperber
|
0-0: Called Strike 0-1: Ball 1-1: Foul Ball, location: 2F 1-2: Foul Ball, location: 2F 1-2: Strikes out swinging
|
Top of the 9th over - 0 runs, 1 hit, 0 errors, 2 left on base; Panama City 1 - Houston 4 |
|